Cogmind - Beta 14 @@@ ROGUE MODE // 2025.03.14 @ 19:23:58 Player: winnking222 Result: Destroyed by ZQ-RPB(R) with Subdweller Laser Performance ------------- Evolutions (0) 0 Regions Visited (3) 600 Robots Destroyed (18) 90 Value Destroyed (501) 501 Prototype IDs (0) 0 Alien Tech Used (0) 0 Bonus (21) 21 TOTAL SCORE: 1212 Bonus ------- Follower Combat Kills 21 Cogmind --------- Core Integrity 0/250 Matter 300/300 Energy 123/125 System Corruption 0% Temperature Cool (7) Movement Treading (260) Ox1 Location -10/Subcaves Parts ------- > --- POWER (1) -------- Light Ion Engine > --- PROPULSION (2) --- Spiked Treads Subdweller Monowheel > --- UTILITY (2) ------ Small Storage Unit Medium Armor Plating > --- WEAPON (2) ------- Spread Laser Battle Cannon > --- INVENTORY (8) ---- Improved Heat Sink High-capacity Matter Pod (200) Thief Drone Bay Subdweller Laser Subdweller Beam Cannon Subdweller Beam Cannon Subdweller Shrapnel Launcher Peak State ------------ > --- POWER ------------ (None) > --- PROPULSION ------- Spiked Treads Subdweller Monowheel > --- UTILITY ---------- Small Storage Unit Medium Armor Plating > --- WEAPON ----------- Subdweller Beam Cannon Battle Cannon > --- INVENTORY -------- Light Ion Engine Improved Heat Sink High-capacity Matter Pod Thief Drone Bay Spread Laser Subdweller Laser Subdweller Beam Cannon Subdweller Shrapnel Launcher [Rating: 13] Favorites ----------- Power Ion Engine Engine Ion Engine Propulsion Light Treads Treads Light Treads Wheel Subdweller Monowheel Utility Small Storage Unit Storage Small Storage Unit Protection Medium Armor Plating Weapon Spread Laser Energy Gun Spread Laser Energy Cannon Subdweller Beam Cannon Ballistic Gun Light Assault Rifle Ballistic Cannon Battle Cannon Build | -11 -10 -10 -10 ------- Run | Yrd Mat Min Sub Slots Evolved . | . . . . Power . | . . . . Propulsion . | . . . . Utility . | . . . . Weapon . | . . . . Parts Attached 23 | 6 3 3 11 Power 2 | 1 . . 1 Engine 2 | 1 . . 1 Core . | . . . . Reactor . | . . . . Propulsion 5 | 2 . 1 2 Treads 4 | 2 . 1 1 Leg . | . . . . Wheel 1 | . . . 1 Hover . | . . . . Flight . | . . . . Utility 5 | 1 1 1 2 Device . | . . . . Storage 1 | 1 . . . Processor . | . . . . Hackware . | . . . . Protection 4 | . 1 1 2 Artifact . | . . . . Weapon 11 | 2 2 1 6 Energy Gun 7 | 1 2 1 3 Energy Cannon 2 | . . . 2 Ballistic Gun 1 | 1 . . . Ballistic Cannon 1 | . . . 1 Launcher . | . . . . Special Weapon . | . . . . Impact Weapon . | . . . . Slashing Weapon . | . . . . Piercing Weapon . | . . . . Special Melee Weapon . | . . . . Unidentified Prototypes . | . . . . Parts Lost 5 | . . . 5 Power 1 | . . . 1 Propulsion 2 | . . . 2 Utility 1 | . . . 1 Weapon 1 | . . . 1 Highest Loss Streak 3 | . . . 3 To Critical Strikes . | . . . . Average Slot Usage (%) 97 | . 96 100 94 Engine 13 | . 14 14 13 Treads 22 | . 28 28 16 Wheel 3 | . . . 7 Storage 14 | . 14 14 14 Protection 13 | . 10 14 13 Energy Gun 22 | . 25 28 16 Energy Cannon 3 | . . . 8 Ballistic Cannon 1 | . . . 3 Peak Build Rating 13 | 6 11 12 13 Average Rating 11 | 5 9 11 11 On Entrance 7 | . 6 11 12 Naked Turns . | . . . . Heaviest Build 33 | 13 23 23 33 Greatest Support 40 | 40 40 40 40 Greatest Overweight (x) 10 | . . . 10 Average Overweight (x) . | . . . 1 Largest Inventory Capacity 8 | 8 8 8 8 Average Capacity 7 | 7 8 8 8 Most Carried 8 | 5 8 8 8 Average Carried 7 | . 5 7 7 Final Capacity 8 | 8 8 8 8 Final Carried 8 | 1 8 8 7 Class Distribution -------------------- 100% | Mutant Dominant Class ---------------- Mutant | -10/Materials Mutant | -10/Mines Mutant | -10/Subcaves Resources | -11 -10 -10 -10 ----------- Run | Yrd Mat Min Sub Matter Collected 630 | 254 46 230 100 Remotely . | . . . . Salvage Created 554 | 73 101 86 294 Parts 27 | 5 4 3 15 Haulers Intercepted 1 | . 1 . . Recyclers Shooed . | . . . . Parts Field Recycled . | . . . . Retrieved Matter . | . . . . Parts Self-Destructed 13 | . . . 13 Prevented . | . . . . Kills | -11 -10 -10 -10 ------- Run | Yrd Mat Min Sub Combat Hostiles Destroyed 15 | . 2 4 9 Guns 10 | . 2 4 4 Cannons 3 | . . . 3 Classes Destroyed 8 | 2 2 1 3 Worker 1 | 1 . . . Hauler 1 | . 1 . . Recycler 1 | 1 . . . Turret 2 | . . . 2 Swarmer 3 | . . . 3 Grunt 4 | . 2 2 . Subdweller 6 | . . . 6 Assembled 2 | . . 2 . Best Kill Streak 4 | 1 2 2 4 Combat Bots Only 3 | . 2 2 3 Max Kills in Single Turn 2 | 1 2 1 2 Gunslinging 1 | . 1 . 1 Exploded . | . . . . Melee . | . . . . Uniques/NPCs Destroyed . | . . . . Combat | -11 -10 -10 -10 -------- Run | Yrd Mat Min Sub Hostile Shots Fired 97 | . 12 14 71 Missed 29 | . 4 1 24 Damage Taken 1199 | . 112 155 932 Core 252 | . 39 36 177 Absorbed by Shields . | . . . . Core Remaining (%) 100 | 100 . . . Volleys Fired 54 | 10 8 7 29 Largest 2 | 2 2 2 2 Hottest 160 | 70 130 130 160 Shots Fired 108 | 20 16 14 58 Gun 82 | 20 16 14 32 Cannon 26 | . . . 26 Launcher . | . . . . Special . | . . . . Kinetic 10 | 10 . . . Thermal 76 | 10 16 14 36 Explosive . | . . . . Electromagnetic 22 | . . . 22 Robot Hit Streak 11 | 5 7 11 9 Robot Miss Streak 7 | 3 7 2 6 Penetration Max . | . . . . Secondary Targets 2 | . 1 . 1 Max Gunslinging Chain 1 | . 1 . 1 Shots Hit Robots 78 | 13 16 13 36 Core Hits 60 | 3 18 24 15 Critical Kills 2 | . . . 2 Critical Parts Destroyed 1 | 1 . . . Critical Strikes 6 | 2 . . 4 Burn 1 | 1 . . . Meltdown 2 | . . . 2 Destroy 1 | 1 . . . Corrupt 2 | . . . 2 Melee Attacks . | . . . . Impact . | . . . . Slashing . | . . . . Piercing . | . . . . Sneak Attacks . | . . . . Combat Hostiles . | . . . . Follow-up Attacks . | . . . . Damage Inflicted 1179 | 129 200 159 691 Guns 705 | 129 200 159 217 Cannons 428 | . . . 428 Explosions 46 | . . . 46 Melee . | . . . . Ramming . | . . . . Kinetic 54 | 54 . . . Thermal 979 | 75 200 159 545 Explosive . | . . . . Electromagnetic 146 | . . . 146 Impact . | . . . . Slashing . | . . . . Piercing . | . . . . Highest Corruption . | . . . . Average Corruption . | . . . . Corruption Purged . | . . . . Corruption Blocked . | . . . . Overload Shots . | . . . . Overflow Damage 23 | . . . 23 Projectiles 6 | . . . 6 Explosions 17 | . . . 17 Melee . | . . . . Knockbacks . | . . . . Impact . | . . . . Kinetic . | . . . . Secondary . | . . . . Self-Inflicted Damage 32 | . . . 32 Shots 1 | . . . 1 Rammed . | . . . . Targets Rammed . | . . . . Kicked . | . . . . Crushed . | . . . . Highest Temperature 319 | 80 264 319 117 Average Temperature 71 | 30 91 129 38 Received Heat Transfer 294 | . 78 54 162 Siege Activations . | . . . . Robots Corrupted . | . . . . Combat Hostiles . | . . . . Parts Fried . | . . . . Impact Corruptions . | . . . . Robots Melted 2 | . . . 2 Combat Hostiles 2 | . . . 2 Parts Melted 5 | . 1 . 4 Heat Transferred 1473 | 296 245 200 732 Parts Sabotaged . | . . . . Parts Stolen . | . . . . Parts Stripped . | . . . . Power Chain Reactions 1 | . . . 1 Alert | -11 -10 -10 -10 ------- Run | Yrd Mat Min Sub Peak Influence 109 | 10 91 109 . Initial 35 | . 6 35 . Average 39 | 1 55 40 . Maximum Alert Level . | . . . . Low Security (%) 100 | 100 100 100 . Level 1 . | . . . . Level 2 . | . . . . Level 3 . | . . . . Level 4 . | . . . . Level 5 . | . . . . High Security . | . . . . Max Security . | . . . . Squads Dispatched 2 | . 1 1 . Investigation 2 | . 1 1 . Extermination . | . . . . Reinforcement . | . . . . Assault . | . . . . Garrison . | . . . . Intercept . | . . . . Searches Triggered . | . . . . Construction Impeded . | . . . . Haulers Reinforced . | . . . . Active Scanning Responses . | . . . . Cargo Convoy Interrupts . | . . . . Stealth | -11 -10 -10 -10 --------- Run | Yrd Mat Min Sub Distress Signals . | . . . . Communications Jammed . | . . . . Distress Signals . | . . . . Times Spotted 29 | . 3 8 18 Peak Tracking Total 5 | . 2 3 5 Tactical Retreats 3 | . . 1 2 Traps | -11 -10 -10 -10 ------- Run | Yrd Mat Min Sub Traps Triggered 2 | . 1 . 1 Indirectly . | . . . . Trap Hack Attempts . | . . . . Triggered . | . . . . Disarmed . | . . . . Reprogrammed . | . . . . Reused . | . . . . Traps Extracted . | . . . . Installed . | . . . . Triggered 1 | . . . 1 Machines | -11 -10 -10 -10 ---------- Run | Yrd Mat Min Sub Machines Disabled 2 | . . . 2 Max in Single Turn 1 | . . . 1 Machines Repaired . | . . . . Machines Dismantled . | . . . . Machines Sabotaged . | . . . . Overloaded Fab Kills . | . . . . Hacking | -11 -10 -10 -10 --------- Run | Yrd Mat Min Sub Machines Accessed 5 | . 2 2 1 Terminals 3 | . 2 1 . Fabricators . | . . . . Repair Stations . | . . . . Recycling Units . | . . . . Scanalyzers . | . . . . Garrison Access . | . . . . Total Hacks 9 | . 2 4 3 Successful 6 | . 2 1 3 Failed 3 | . . 3 . Catastrophic 1 | . . 1 . Database Lockouts . | . . . . Manual 5 | . 2 3 . Terminals 5 | . 2 3 . Fabricators . | . . . . Repair Stations . | . . . . Recycling Units . | . . . . Scanalyzers . | . . . . Garrison Access . | . . . . Terminal Hacks 5 | . 1 1 3 Record 3 | . . . 3 Open Door 1 | . . 1 . Level Access Points 1 | . 1 . . Fabricator Hacks . | . . . . Repair Station Hacks . | . . . . Recycling Unit Hacks . | . . . . Scanalyzer . | . . . . Garrison Access Hacks . | . . . . Unauthorized Hacks 1 | . 1 . . Terminals 1 | . 1 . . Botnet 1 | . 1 . . Fabricators . | . . . . Repair Stations . | . . . . Recycling Units . | . . . . Scanalyzers . | . . . . Garrison Access . | . . . . Data Cores Recovered . | . . . . Used . | . . . . Hacking Detections 2 | . 1 1 . Full Trace Events 1 | . . 1 . Feedback Events . | . . . . Feedback Blocked . | . . . . Robot Schematics Acquired . | . . . . Robots Built . | . . . . Authchips . | . . . . Time . | . . . . Total Robot Build Rating . | . . . . Part Schematics Acquired . | . . . . Parts Built . | . . . . Authchips . | . . . . Time . | . . . . Total Part Build Rating . | . . . . Parts Repaired . | . . . . Time . | . . . . Parts Recycled . | . . . . Recycled Matter . | . . . . Retrieved Matter . | . . . . Retrieved Components . | . . . . Parts Scanalyzed . | . . . . Part Schematics Acquired . | . . . . Parts Damaged . | . . . . Bothacking | -11 -10 -10 -10 ------------ Run | Yrd Mat Min Sub Used RIF Installer . | . . . . Robots Hacked . | . . . . Non-combat . | . . . . Combat . | . . . . Robot Hacks Applied . | . . . . Relay Couplers Released . | . . . . Fabnet Peak Effective % . | . . . . Robots Rewired . | . . . . Allies Hacked . | . . . . Hacks Repelled . | . . . . Allies | -11 -10 -10 -10 -------- Run | Yrd Mat Min Sub Total Allies 1 | . . 1 . Largest Group 1 | . . 1 . Highest-Rated Group 31 | . . 31 . Highest-Rated Ally 31 | . . 31 . Total Orders . | . . . . Ally Attacks 3 | . . 3 . Total Damage 63 | . . 63 . Kills 3 | . . 3 . Allies Corrupted . | . . . . Allies Melted . | . . . . Intel | -11 -10 -10 -10 ------- Run | Yrd Mat Min Sub Robot Analysis Total . | . . . . Derelict Logs Recovered 2 | . . 2 . Drone Launches . | . . . . Drone Recoveries . | . . . . Exploration | -11 -10 -10 -10 ------------- Run | Yrd Mat Min Sub Turns Passed 3427 | 154 327 1390 1556 Spaces Moved 1440 | 74 181 639 546 Core 81 | 16 . . 65 Treads 1267 | 58 181 639 389 Legs . | . . . . Wheels 92 | . . . 92 Hover . | . . . . Flight . | . . . . Fastest Speed 50 | 50 160 160 120 Average Speed 180 | 136 160 160 216 Slowest Speed 550 | 160 160 160 550 Overloaded Moves . | . . . . Propulsion Burnouts . | . . . . Robots Hopped . | . . . . Cave-ins Triggered . | . . . . Exploration Rate (%) 44 | 4 38 99 36 Regions Visited 3 Branch Regions 2 Pre-discovered Areas 3 | . . 2 1 Known Exits Taken . | . . . . Unknown Exits Taken 3 | 1 1 1 . Scrap Searched 4 | . . 1 3 Spaces Dug . | . . . . Terrain Destroyed 12 | . . . 12 Melee . | . . . . Projectile 6 | . . . 6 AOE 6 | . . . 6 Terrain Rammed . | . . . . Walls Destroyed . | . . . . Machines Disabled . | . . . . Actions | -11 -10 -10 -10 --------- Run | Yrd Mat Min Sub Total 2169 | 109 203 993 864 Wait 622 | 14 . 339 269 Move 1437 | 73 180 638 546 Hop . | . . . . Pick Up 24 | 6 10 3 5 Fast Attach 3 | 1 . . 2 Attach 11 | 5 1 . 5 Detach 1 | . . . 1 Swap 9 | . 2 3 4 Drop 8 | . 2 3 3 Fire 54 | 10 8 7 29 Melee . | . . . . Ram . | . . . . Kick . | . . . . Crush . | . . . . Escape Stasis . | . . . . Rewire . | . . . . Trap . | . . . . Miscellaneous . | . . . . Route ------- -11/Scrapyard -10/Materials (discovered 4 exits: *Mat x3 / *Min) -10/Mines (discovered 3 exits: *Mat x2 / *Sub) -10/Subcaves (discovered 2 exits: [*Mat] / [*Rec]) History --------- Turn | Location | Event 4 | -11/Scrapyard | Discovered new exit (range 16) 155 | -11/Scrapyard | Entered Materials 302 | -10/Materials | Build established: Mutant 315 | -10/Materials | Discovered new exit (range 15) 439 | -10/Materials | Identified exit to Materials 452 | -10/Materials | Discovered new exit (range 16) 482 | -10/Materials | Entered Mines 530 | -10/Mines | Received a Mining Laser from a helpful Derelict 534 | -10/Mines | Learned location of Zion (-6) 576 | -10/Mines | Found the Drone Emporium 587 | -10/Mines | Found Prototype Device 642 | -10/Mines | Assembled infested the area 1164 | -10/Mines | Discovered exit to Materials (range 10) 1177 | -10/Mines | Discovered exit to Materials (range 10) 1327 | -10/Mines | Learned location of Recycling (-7) 1869 | -10/Mines | Discovered new exit (range 3) 1872 | -10/Mines | Entered Subcaves 2292 | -10/Subcaves | Discovered new exit (range 14) 2472 | -10/Subcaves | Core integrity fell below 50% 2529 | -10/Subcaves | Met a Zionite searching for "candidates" 2829 | -10/Subcaves | Discovered new exit (range 3) 3002 | -10/Subcaves | Core integrity fell below 20% 3042 | -10/Subcaves | Lost 3 parts (1p1u1w) 3335 | -10/Subcaves | Visited Clippyterm 3343 | -10/Subcaves | Learned Factory emergency access door positions 3428 | -10/Subcaves | Destroyed by ZQ-RPB(R) with Subdweller Laser Last Messages --------------- 03117_ Subatomizers dissect the Battle Cannon. 03323_ A thin wall crumbles away, revealing a door. 03335_ The door opens automatically. 03343_ Connecting with Clippyterm... 03343_ Current location identified: Subcaves >>Record "Clippyterm" Welcome to Clippyterm v0.53, my misguided attempt to resurrect an ancient AI. I give up. There must be something fundamentally wrong with the algorithm, because no matter how much data I collect to feed it, half the time it still manages to suggest unhelpful sample queries and responses. --DD-NU8 >>Record "Hide-and-Seek" It looks like you're trying to avoid detection, would you like help? Data stored: Factory emergency access points. >>Record "Botnets" It looks like you seek to become a more effective hacker when it comes to the important hacks, and I heartily recommend installing Trojan(Botnet) on at least one or two Terminals to improve your odds of success elsewhere. 03403_ ZQ-RPB(R): "OHNO!" Map ----- +----------------------------------------------------+ | | | | | | | | | | | ?????????????????????????????????????????????????? | | ?????????????????????????????????????????????????? | | ?????????????????????????????????????????????????? | | ?????????????????????????????????????????????????? | | ?????????????????????????????????????????????????? | | ?????????????????????????????????????????????????? | | ?????????????????????????????????????????????????? | | ?????????????????????????????????????????????????? | | ?????????????????????????????????????????????????? | | ?????????????????????????????????????????????????? | | ?????????????????????????????????????????????????? | | ??????????????????????????????#######????????????? | | ??????????????????????????????#"""""#????????????? | | ??????????????????????????????#""X""#????????????? | | ??????????????????????????????#" "#?????####???? | | ??????????????????????????????### ######### #???? | | ?????????????????????????????#### ### #???? | | ????????????????????????????## # # #???? | | ?????????????????????????#### ####???? | | ?????????? ## ### ##??????? | | ?????????? R @ ####???????? | | ?????????????????## #??????????? | | ??????????????????## ### ## ## #??????????? | | ???????????????????????##?# ### #?????????? | | ?????????????????????????## #?### #????????? | | ???????????# ??????####### #????###????????? | | ???????????? ## ##??????????#####? | | ???????????# ##???????????# # #? | | ??????????????### ### ##?#####??????# #? | | ????????????????##?#### ##?## ##?????# #? | | ???????????????????# #### ####??# ### | | ???????????????????## ## ## #### # | | ????????????????????### # # | | ??????????????????????## # # | | ???????????????????????# ### | | ??????????????????????# ## ## | | ??????????????????????#### ## ## ### | | ?????????????????????????## ##### ###?## | | ??????????????????????????####???# # ##?## | | ????????????????????????????????## ### ### | | ????????????????????????????????# ## ### | | ????????????????????????????????## ### ## | | ?????????????????????????????????# ## # | | ????????????????????????????????## # | | ????????????????????????????????# # | +----------------------------------------------------+ Best States ------------- Heat Dissipation 25 Energy Generation 10 Energy Capacity 250 Matter Stores 300 Matter Capacity 300 Sight Range 16 Terrain Scan Density 10 Armor Coverage 225 Evasion (%) 50 Recoil Reduction 2 Item Schematics ----------------- None Robot Schematics ------------------ None Fabricated ------------ Nothing Alien Tech Used ----------------- None Achievements -------------- None Challenges ------------ None Game ------ Seed BarragePortableMace Manual? 0 Play Time 00:17:55 Cumulative 33.5 hours Start 2025.03.14 @ 19:08:48 End 2025.03.14 @ 19:23:58 Sessions 1 Manual Loads 0 Difficulty Rogue Special Mode None Game No. 61 Rogue 61 Adventurer 0 Explorer 0 Win Type - Total 0 Types 0/0/0/0/0/0/0/0/0 Lore% 34 Gallery% 36 Achievement% 33 Wizard Run 0 Options --------- Layout 0 ASCII 0 Keyboard 0 Movement Mouse Keybinds 0 Fullscreen 1 Font 16/SmallcapsGlow Map View 75x55 Zoom Use 0% Tactical HUD 1 Map Filters NONE Filters NONE Steam 1 RUN: 161b10fb-4bf4-4a21-b2f8-91f2fae52e3c